 Dungeon Crawl Stone Soup version 0.14-a0-3154-g428849b (webtiles) character file.

250 HollowCharge the Slasher (level 4, -5/31 HPs)
             Began as a High Elf Gladiator on Mar 9, 2014.
             Was an Initiate of Okawaru.
             Slain by a green rat (7 damage)
             ... in a sewer.
             The game lasted 00:07:25 (2433 turns).

HollowCharge the Slasher (High Elf Gladiator)       Turns: 2433, Time: 00:07:25

HP  -5/31        AC  5     Str 15      XL: 4   Next: 79%
MP   7/7         EV 13     Int 11      God: Okawaru [......]
Gold 127         SH  0     Dex 16      Spells:  0 memorised,  3 levels left

rFire  . . .     SeeInvis .     a - +1 long sword
rCold  . . .     Clarity  .     b - +0 leather armour
rNeg   . . .     Conserve .     (no shield)
rPois  .         rCorr    .     c - +1 helmet
rElec  .         rRot     .     (no cloak)
SustAb . .       Spirit   .     (no gloves)
rMut   .         Warding  .     (no boots)
Saprov . . .     Stasis   .     (no amulet)
MR     .....                    (no ring)
                                (no ring)

@: about to teleport, very slightly contaminated, drained, not resistant to
hostile enchantments, unstealthy
A: no striking features
a: Renounce Religion


You were in a sewer.
You worshipped Okawaru.
Okawaru was noncommittal.
You were hungry.

You visited 1 branch of the dungeon, and saw 3 of its levels.
You also visited: Sewer.

You collected 127 gold pieces.

Inventory:

Hand weapons
 a - a +1,+1 long sword (weapon)
Missiles
 d - 3 throwing nets (quivered)
Armour
 b - a +0 leather armour (worn)
 c - a +1 helmet (worn)
Magical devices
 s - a wand of flame (24) {unknown}
Comestibles
 f - 2 bread rations
 n - a meat ration
 u - a cheese
Scrolls
 m - a scroll of identify
 r - a scroll of teleportation
 w - a scroll of magic mapping
Potions
 e - a potion of lignification {unknown}
 g - a potion of restore abilities {unknown}
 j - a potion of mutation {unknown}
 l - a potion of brilliance {unknown}
 o - 3 potions of curing
 q - a potion of agility {unknown}
 t - 2 potions of heal wounds {unknown}
 v - a potion of confusion {unknown}
 z - a potion of speed {unknown}


   Skills:
 + Level 3.1(2.7) Fighting
 + Level 4.9(4.5) Long Blades
 - Level 2.1(1.7) Throwing
 + Level 4.5(4.1) Dodging


You had 3 spell levels left.
You didn't know any spells.

Dungeon Overview and Level Annotations

Branches:
Dungeon (3/16)

Altars:
Okawaru


Message History

Your jewelled bone wand glows for a moment.
Your surroundings suddenly seem different.
Found five items.
A giant newt, 5 rats, 2 green rats and an orange rat come into view.
The orange rat misses you.
You see here a bubbling black potion.
The rat barely misses you. The rat bites you but does no damage.
You see here a scroll of teleportation.
r - 2 scrolls of teleportation (gained 1)
The orange rat bites you! The green rat bites you. The rat barely misses you.
The green rat bites you. The rat misses you.
The giant newt bites you but does no damage.
The orange rat bites you!
* * * LOW HITPOINT WARNING * * *
You feel drained.
* * * LOW HITPOINT WARNING * * *
Read which item? (? for menu, Esc to quit)
As you read the scroll of teleportation, it crumbles to dust.
You feel strangely unstable. The green rat bites you!
You die...

####
####r.###
*#.r@rr(.#
*#..lrr.%.#*
#...%rr....#*
##.%..%%..%.#
#.....%....#
#.#.##....##
##..*#.##.#*
*.##*##.*#.*
**,,*,,#**,*


You could see an orange rat, 2 green rats, a giant newt and 5 rats.

Vanquished Creatures
  3 adders
  A green rat (Sewer)
  A giant mite (D:3)
  A giant gecko (D:1)
  5 bats
  9 giant cockroaches
  5 hobgoblins
  A jackal (D:1)
  A quokka (D:2)
  6 ball pythons
  4 giant newts
  2 goblins
  7 kobolds
  46 rats
92 creatures vanquished.

Notes
Turn   | Place    | Note
--------------------------------------------------------------
     0 | D:1      | HollowCharge, the High Elf Gladiator, began the quest for the Orb.
     0 | D:1      | Reached XP level 1. HP: 14/14 MP: 2/2
   207 | D:1      | Reached skill level 4 in Long Blades
   207 | D:1      | Reached XP level 2. HP: 19/19 MP: 3/3
   637 | D:2      | Found an iron altar of Okawaru.
   694 | D:2      | Became a worshipper of Warmaster Okawaru
   938 | D:2      | Reached XP level 3. HP: 12/24 MP: 5/5
  1843 | D:2      | Reached XP level 4. HP: 21/30 MP: 7/7
  2118 | D:3      | Found a glowing drain.
  2221 | Sewer    | Entered a sewer
  2433 | Sewer    | Slain by a green rat

Action                   |  1- 3 |  4- 6 || total
-------------------------+-------+-------++-------
Melee: Long sword        |   154 |    85 ||   239
Throw: Throwing net      |       |     2 ||     2
  Use: Scroll            |       |     9 ||     9
 Stab: Held in net/web   |       |     1 ||     1
